 Dungeon Crawl Stone Soup version 0.28-a0-313-gbc0475efdd (webtiles) character file.

Game seed: 18265946323249593735

305 kae the Slasher (level 6, -10/56 HPs)
             Began as a Minotaur Fighter on Aug 31, 2021.
             Was an Initiate of Qazlal.
             Mangled by a gnoll sergeant (12 damage)
             ... on level 4 of the Dungeon.
             The game lasted 00:03:12 (4798 turns).

kae the Slasher (Minotaur Fighter)                  Turns: 4798, Time: 00:03:12

Health: -10/56     AC:  6    Str: 21 (23) XL:     6   Next: 15%
Magic:  6/6        EV:  7    Int:  2 (5)  God:    Qazlal [......]
Gold:   108        SH:  7    Dex:  6 (9)  Spells: 5/5 levels left

rFire   . . .      SeeInvis .   a - +1 long sword (elec)
rCold   . . .      Faith    .   c - +0 kite shield
rNeg    . . .      Spirit   .   b - +0 scale mail
rPois   .          Reflect  .   (helmet restricted)
rElec   .          Harm     .   (no cloak)
rCorr   .          Rampage  .   (no gloves)
Will    +....                   (no boots)
Stlth   ..........              (no amulet)
HPRegen 0.18/turn               h - ring of willpower
MPRegen 0.10/turn               (no ring)

@: no status effects
A: horns 2, retaliatory headbutt
a: Renounce Religion


You were on level 4 of the Dungeon.
You worshipped Qazlal.
Qazlal was noncommittal.
You visited 1 branch of the dungeon, and saw 5 of its levels.

You collected 157 gold pieces.
You spent 49 gold pieces at shops.

Inventory:

Hand Weapons
 a - a +1 long sword of electrocution (weapon)
Armour
 b - a +0 scale mail (worn)
 c - a +0 kite shield (worn)
Jewellery
 h - a ring of willpower (left hand)
 i - a ring of magical power
Wands
 l - a wand of iceblast (7)
Scrolls
 e - 3 scrolls of magic mapping
Potions
 d - a potion of might
 g - a potion of mutation
 j - a potion of cancellation {unknown}
 k - 2 potions of magic


   Skills:
 + Level 5.3 Fighting
 * Level 6.2 Long Blades
 - Level 3.6 Armour
 - Level 3.6 Shields
 + Level 2.0 Invocations


You had 5 spell levels left.
You didn't know any spells.
Your spell library contained the following spells:

 Spells                   Type           Power      Damage    Failure   Level
 Summon Guardian Golem    Hex/Summ       0%         N/A       100%        3
 Orb of Destruction       Conj           0%         N/A       100%        7
 Spellforged Servitor     Conj/Summ      0%         N/A       100%        7


Dungeon Overview and Level Annotations

Branches:
Dungeon (5/15)             Temple (0/1) D:4

Altars:
Dithmenos
Elyvilon
Okawaru
Qazlal
Wu Jian
Yredelemnul

Shops:
D:3 ?


Innate Abilities, Weirdness & Mutations

You have a pair of horns on your head.
You reflexively headbutt those who attack you in melee.


Message History

The gnoll shouts!
You block the gnoll's attack. The gnoll sergeant barely misses you.
The gnoll hits you from afar with a +0 spear.
The gnoll sergeant hits you from afar with a +3 trident of protection!
There is a stone staircase leading up, spattered with blood here.
The gnoll barely misses you.
The gnoll sergeant hits you but does no damage.
You climb upwards.
There is a stone staircase leading down, spattered with blood here.
You start resting.
HP restored.
You climb downwards.
The gnoll hits you from afar with a +0 spear.
You block the gnoll's attack.
There is a stone staircase leading up, spattered with blood here.
The gnoll sergeant hits you from afar with a +3 trident of protection!
The gnoll hits you from afar with a +0 spear.
You climb upwards.
There is a stone staircase leading down, spattered with blood here.
You climb downwards.
The gnoll sergeant hits you with a +3 trident of protection.
The gnoll hits you but does no damage.
The gnoll sergeant hits you with a +3 trident of protection!
You block the gnoll's attack.
There is a stone staircase leading up, spattered with blood here.
The gnoll sergeant hits you with a +3 trident of protection!
* * * LOW HITPOINT WARNING * * *
The gnoll hits you from afar with a +0 spear.
* * * LOW HITPOINT WARNING * * *
You climb upwards.
There is a stone staircase leading down, spattered with blood here.
You hit the gnoll sergeant but do no damage.
The gnoll sergeant hits you with a +3 trident of protection!
* * * LOW HITPOINT WARNING * * *
Okay, then.
It was a potion of degeneration.
There was something very wrong with that liquid.
You feel weakened.
You feel dopey.
You feel clumsy.
The gnoll sergeant hits you with a +3 trident of protection!
You die...

#.####.#......#
#..)......###.#
######.#..#⌠#.# ###########
#.##.###.# #.........#
#........#
#.#######.######..###.########
#.# #........#.........#.# #.#
#####.###.g...###.#####.## #.#
#.........@)...##.# #.#
#.###.###.........###.# #.#
#.........######......# #.#
#.........# #.###### #.###
##.##.###.# #.# #.... #.##.#
#.# ##+## ####. #.##.###.#
##...## #. #........#
##.....###########.
####..######.......##.........


You could see a gnoll sergeant.

Vanquished Creatures
  2 scorpions (D:4)
  A hound (D:5)
  A hound skeleton (D:4)
  3 adders
  4 gnolls
  A howler monkey skeleton (D:5)
  An adder skeleton (D:4)
  A worm (D:2)
  2 dart slugs
  An orc (D:4)
  6 ball pythons
  9 endoplasms
  2 giant cockroaches (D:3)
  5 goblins
  6 hobgoblins
  6 jackals (D:1)
  A quokka (D:4)
  6 bats
  2 frilled lizards
  A kobold (D:4)
61 creatures vanquished.

Notes
Turn   | Place    | Note
-------+----------+-------------------------------------------
     0 | D:1      | kae the Minotaur Fighter began the quest for the Orb.
     0 | D:1      | Reached XP level 1. HP: 19/19 MP: 0/0
   113 | D:1      | Reached skill level 3 in Long Blades
   205 | D:1      | Reached XP level 2. HP: 27/27 MP: 1/1
   235 | D:1      | Found a faded altar of an unknown god.
  1283 | D:2      | Reached XP level 3. HP: 33/33 MP: 2/2
  1552 | D:2      | Reached skill level 4 in Long Blades
  2029 | D:3      | Found Faorilo's Magic Scroll Shop.
  2041 | D:3      | Reached XP level 4. HP: 35/41 MP: 3/3
  2119 | D:3      | Bought a scroll of magic mapping for 49 gold pieces
  2166 | D:3      | Found an ornate altar of the Wu Jian Council.
  2539 | D:3      | Found a shadowy altar of Dithmenos.
  2539 | D:3      | Found an iron altar of Okawaru.
  2542 | D:3      | Found a stormy altar of Qazlal.
  2622 | D:3      | Became a worshipper of Qazlal Stormbringer
  2804 | D:4      | Noticed a scorpion
  2809 | D:4      | Killed a scorpion
  2810 | D:4      | Reached skill level 5 in Long Blades
  2810 | D:4      | Reached skill level 1 in Invocations
  2812 | D:4      | Reached XP level 5. HP: 27/47 MP: 4/4
  3009 | D:4      | Noticed a two-headed ogre
  3147 | D:4      | Reached skill level 5 in Fighting
  3553 | D:4      | Found a white marble altar of Elyvilon.
  3644 | D:4      | Found a basalt altar of Yredelemnul.
  3874 | D:4      | Found a staircase to the Ecumenical Temple.
  4252 | D:5      | Entered Level 5 of the Dungeon
  4264 | D:5      | Reached skill level 6 in Long Blades
  4383 | D:5      | Reached XP level 6. HP: 56/56 MP: 6/6
  4797 | D:4      | HP: 2/56 [gnoll sergeant (12)]
  4798 | D:4      | Mangled by a gnoll sergeant

Illustrated notes

Levels and vault maps discovered:
D:1:      minmay_arrival_floating_metal, layout_basic,
          ebering_ecumenical_altar_abandoned
D:2:      layout_rooms, serial_curves, eino_curves_03, eino_curves_03,
          grunt_ministairs_8
D:3:      layout_basic, nicolae_wu_jian_wuxing_cycle, minitemple, serial_shops,
          shop
D:4:      layout_loops_corners, kennysheep_ying_yang,
          minmay_temple_entry_poolview, feat_on_display
D:5:      layout_layer_cave, nicolae_tso_besieged_by_evil, minmay_bent,
          uniq_ijyb, uniq_menkaure

Skill      XL: |  1  2  3  4  5  6 |
---------------+-------------------+-----
Long Blades    | 3 4 5 6 |  6.2
Fighting       | 4 5 |  5.3
Invocations    | 1 2 |  2.0
Armour         | |  3.6
Shields        | |  3.6

Action                   |  1- 3 |  4- 6 || total
-------------------------+-------+-------++-------
Melee: Long sword        |   106 |    73 ||   179
       Headbutt          |    10 |     9 ||    19
  Use: Scroll            |       |     7 ||     7
       Potion            |       |     3 ||     3
Armor: Scale mail        |    66 |    39 ||   105
Dodge: Dodged            |    35 |    34 ||    69
Block: Kite shield       |    50 |    48 ||    98

Table legend: (Time is in decaauts)
 A = Elapsed time spent in this place.
 B = Non-inter-level travel time spent in this place.
 C = Inter-level travel time spent in this place.
 D = Time resting spent in this place.
 E = Time spent auto-exploring this place.
 F = Levels seen in this place.
 G = Mean time per level.
                   A        B        C        D        E       F      G
               +--------+--------+--------+--------+--------+-----+--------+
         Total |   4895 |   4733 |    162 |    614 |   3424 |   5 |  979.0 |
       Dungeon |   4895 |   4733 |    162 |    614 |   3424 |   5 |  979.0 |
               +--------+--------+--------+--------+--------+-----+--------+

Top non-repeatable levels by time:
     D:4: 1622 daAuts
     D:3: 1235 daAuts
     D:1: 1197 daAuts
     D:2: 648 daAuts
     D:5: 192 daAuts
